 Dungeon Crawl Stone Soup version 0.26.1-11-gd32895ea62 (webtiles) character file.

Game seed: 3379039528737414461

6547 MisterFreud the Carver (level 10, -1/132 HPs)
             Began as a Minotaur Abyssal Knight on June 16, 2021.
             Was an Elder of Lugonu.
             Slain by Kahsius's ghost (3 damage)
             ... on level 9 of the Dungeon.
             The game lasted 00:11:49 (9139 turns).

MisterFreud the Carver (Minotaur Abyssal Knight)    Turns: 9139, Time: 00:11:49

Health: -1/132     AC: 15    Str: 19    XL:     10   Next: 70%
Magic:  1/15       EV:  7    Int:  9    God:    Lugonu [****..]
Gold:   481        SH:  0    Dex: 11    Spells: 9/9 levels left

rFire    . . .     SeeInvis +   I - +0 long sword
rCold    . . .     Faith    .   (no shield)
rNeg     . . .     Spirit   .   o - +0 plate armour
rPois    .         Reflect  .   (helmet restricted)
rElec    .         Harm     .   h - +0 cloak
rCorr    .         Rampage  .   (no gloves)
Will     +....                  (no boots)
Stlth    ..........             G - amulet of the acrobat
HPRegen  0.32/turn              O - ring of see invisible
MPRegen  0.14/turn              C - ring of willpower

@: berserking (expiring), very quick
A: retaliatory headbutt, horns 2
a: Renounce Religion, Depart the Abyss, Bend Space, Banish, Corrupt


You were on level 9 of the Dungeon.
You worshipped Lugonu.
Lugonu was greatly pleased with you.
You visited 1 branch of the dungeon, and saw 9 of its levels.
You visited the Abyss 1 time.

You collected 481 gold pieces.

Inventory:

Hand Weapons
 a - a +1 falchion
 I - a +0 long sword (weapon)
Armour
 b - a +0 leather armour
 h - a +0 cloak (worn)
 o - a +0 plate armour (worn)
Jewellery
 e - an uncursed ring of positive energy
 t - a +4 ring of protection
 u - an uncursed amulet of regeneration
 C - a ring of willpower (right hand)
 G - an amulet of the acrobat (around neck)
 H - an uncursed ring of fire
 N - an uncursed ring of flight
 O - a ring of see invisible (left hand)
Wands
 w - a wand of acid (5)
 E - a wand of random effects (32)
 M - a wand of flame (17)
 P - a wand of iceblast (7)
Scrolls
 c - 3 scrolls of remove curse
 f - 2 scrolls of enchant weapon {unknown}
 i - a scroll of random uselessness {unknown}
 k - 4 scrolls of enchant armour {unknown}
 l - 3 scrolls of teleportation {unknown}
 m - a scroll of fog {unknown}
 q - a scroll of noise {unknown}
 s - a scroll of fear {unknown}
 v - a scroll of amnesia {unknown}
 y - 3 scrolls of immolation {unknown}
 A - a scroll of magic mapping {unknown}
 F - a scroll of blinking {unknown}
Potions
 d - 6 potions of flight
 g - a potion of resistance
 j - 3 potions of lignification {unknown}
 n - 2 potions of curing
 r - 4 potions of haste
 x - a potion of brilliance
 z - 3 potions of heal wounds {unknown}
 B - a potion of attraction
 J - 2 potions of might
 K - a potion of cancellation
 L - a potion of magic


   Skills:
 - Level 8.0 Fighting
 + Level 12.3 Long Blades
 - Level 10.0 Armour
 - Level 1.1 Dodging
 - Level 8.0 Invocations


You had 9 spell levels left.
You didn't know any spells.
Your spell library contained the following spells:

 Spells                   Type           Power        Failure   Level
 Summon Small Mammal      Summ           0%           100%        1
 Call Imp                 Summ           0%           100%        2
 Call Canine Familiar     Summ           0%           100%        3
 Summon Guardian Golem    Hex/Summ       0%           100%        3
 Summon Ice Beast         Ice/Summ       0%           100%        4
 Summon Lightning Spire   Summ/Air       0%           100%        4


Dungeon Overview and Level Annotations

Branches:
Dungeon (9/15)             Temple (0/1) D:7            Lair (0/6) D:9
    Orc: D:9-12

Altars:
Ashenzari
Cheibriados
Dithmenos
Elyvilon
Hepliaklqana
Kikubaaqudgha
Makhleb
Okawaru
Vehumet
Wu Jian

Annotations:
D:7 3 runed translucent doors, Denhark's ghost, novice OgBe; PanSaczeczos's ghost, novice NaCj
D:9 Kahsius's ghost, novice MiBe
Abyss:1 Erica


Innate Abilities, Weirdness & Mutations

You reflexively headbutt those who attack you in melee.
You have a pair of horns on your head.


Message History

Kahsius's ghost hits you!
* * * LOW HITPOINT WARNING * * *
You hit Kahsius's ghost.
You headbutt Kahsius's ghost, but do no damage.
Kahsius's ghost is severely damaged.
You barely miss Kahsius's ghost.
Kahsius's ghost is severely damaged.
Kahsius's ghost hits you!
* * * LOW HITPOINT WARNING * * *
You hit Kahsius's ghost but do no damage.
Your headbutt misses Kahsius's ghost.
Kahsius's ghost is severely damaged.
Kahsius's ghost hits you.
* * * LOW HITPOINT WARNING * * *
You barely miss Kahsius's ghost.
Kahsius's ghost is severely damaged.
You barely miss Kahsius's ghost.
Kahsius's ghost is severely damaged.
Kahsius's ghost hits you.
You die...

##............###..####
##......................
###...........###.....####
#..........#...≈...#....##
##........#..#...#..#.....
#....>(..#.##...##.#.....
###.......#..PP.....#.....
##[#.(#..#.#≈...>P..≈#.....
###..##.##..@#..P.P.P..#.....
#........##.W#.##...##.#.....
##........#..#..#...#..#.....
##..##...##..#...≈...#.....#
######.........###......#.#
#####.)...........##..
###.##...#..##.####..
#........#..(#.<#....
#.........).(........


You could see Kahsius's ghost.

Vanquished Creatures
  Pikel (D:9)
  Grinder (D:6)
  A wyvern (D:9)
  Sigmund (D:4)
  Grum (D:9)
  4 ice beasts
  4 orc warriors
  4 sky beasts
  A black bear (D:7)
  4 centaurs
  4 ogres
  4 wolves
  A lemure (D:9)
  6 bullfrogs
  A scorpion (D:5)
  3 killer bees (D:9)
  2 howler monkeys
  2 electric eels (D:6)
  2 bullfrog zombies
  2 hounds
  3 jellies
  7 orc priests
  2 bullfrog skeletons
  2 iguanas
  6 orc wizards
  8 worker ants
  A howler monkey skeleton (D:4)
  A worker ant zombie (D:9)
  4 gnolls (D:7)
  7 adders
  4 shadow imps
  A white imp (D:6)
  An ufetubus (D:9)
  An adder skeleton (D:6)
  2 adder zombies
  3 worms
  A dart slug (D:1)
  5 leopard geckos
  47 orcs
  2 ball pythons
  11 giant cockroaches
  4 goblins
  8 hobgoblins
  13 jackals
  6 quokkas
  6 bats
  9 frilled lizards
  A jackal zombie (D:7)
  12 kobolds
  8 rats
235 creatures vanquished.

Vanquished Creatures (others)
  An orc wizard (D:6)
  2 fungi (D:9)
  25 plants
  8 withered plants
36 creatures vanquished.

Grand Total: 271 creatures vanquished

Notes
Turn   | Place    | Note
-------+----------+-------------------------------------------
     0 | Abyss:1  | MisterFreud the Minotaur Abyssal Knight began the quest for
                  | the Orb.
     0 | Abyss:1  | Reached XP level 1. HP: 19/19 MP: 1/1
    67 | Abyss:1  | Noticed an ancient zyme
    68 | D:1      | Escaped the Abyss
   139 | D:1      | Reached * piety under Lugonu
   259 | D:1      | Reached skill level 3 in Long Blades
   262 | D:1      | Reached XP level 2. HP: 27/27 MP: 2/2
   922 | D:1      | Reached XP level 3. HP: 34/34 MP: 3/3
  1197 | D:2      | Found a shadowy altar of Dithmenos.
  1251 | D:2      | Reached ** piety under Lugonu
  1523 | D:2      | Reached skill level 4 in Long Blades
  2089 | D:2      | Reached XP level 4. HP: 41/41 MP: 4/4
  2219 | D:3      | Reached skill level 5 in Fighting
  2288 | D:3      | Found a broken altar of Ashenzari.
  2387 | D:3      | Found an ancient bone altar of Kikubaaqudgha.
  2611 | D:3      | Noticed an ogre
  2619 | D:3      | Killed an ogre
  2620 | D:3      | Reached skill level 5 in Long Blades
  2620 | D:3      | Reached XP level 5. HP: 37/50 MP: 5/5
  2765 | D:4      | Found a hazy altar of Hepliaklqana.
  2810 | D:4      | Reached *** piety under Lugonu
  2862 | D:4      | Reached XP level 6. HP: 51/57 MP: 6/6
  2901 | D:4      | Reached skill level 6 in Long Blades
  3103 | D:4      | Noticed Sigmund
  3114 | D:4      | Killed Sigmund
  3115 | D:4      | Reached skill level 7 in Long Blades
  3115 | D:4      | Reached XP level 7. HP: 57/66 MP: 7/7
  3308 | D:4      | Found an ornate altar of the Wu Jian Council.
  3618 | D:5      | Entered Level 5 of the Dungeon
  3775 | D:5      | Reached **** piety under Lugonu
  3776 | D:5      | Reached skill level 8 in Long Blades
  3921 | D:5      | Reached XP level 8. HP: 59/74 MP: 8/8
  3935 | D:5      | Reached skill level 5 in Armour
  4186 | D:5      | Found a radiant altar of Vehumet.
  4210 | D:5      | Found a burning altar of Makhleb.
  4211 | D:5      | Found an iron altar of Okawaru.
  4211 | D:5      | Found a snail-covered altar of Cheibriados.
  4879 | D:6      | Noticed Grinder
  4889 | D:6      | Killed Grinder
  4890 | D:6      | Reached XP level 9. HP: 80/81 MP: 9/9
  5199 | D:6      | Reached skill level 10 in Armour
  5920 | D:7      | Reached skill level 9 in Long Blades
  6262 | D:7      | Reached ***** piety under Lugonu
  6339 | D:7      | You fall into a shaft and drop 1 floor!
  6555 | D:8      | Noticed a boulder beetle
  6568 | D:8      | Banished a boulder beetle
  6569 | D:8      | Reached skill level 10 in Long Blades
  6569 | D:8      | Reached skill level 5 in Invocations
  6787 | D:8      | Reached XP level 10. HP: 31/88 MP: 13/13
  7220 | D:9      | Noticed Grum
  7317 | D:7      | Reached skill level 11 in Long Blades
  7338 | D:7      | Found a runed translucent gate.
  7339 | D:7      | Found a runed translucent gate.
  7340 | D:7      | Found a runed translucent gate.
  7355 | D:7      | Noticed PanSaczeczos's ghost (novice NaCj)
  7355 | D:7      | Noticed Denhark's ghost (novice OgBe)
  7489 | D:7      | Found a staircase to the Ecumenical Temple.
  7551 | D:7      | Found a white marble altar of Elyvilon.
  7752 | D:9      | Found a runed translucent door.
  7811 | D:9      | Found a staircase to the Lair.
  7822 | D:9      | Noticed Erica
  7841 | D:9      | HP: 4/88 [something (3)]
  7857 | D:9      | Banished Erica
  8118 | D:9      | Killed Grum
  8493 | D:9      | Reached skill level 12 in Long Blades
  8698 | D:9      | Noticed Pikel
  8728 | D:9      | Killed Pikel
  9081 | D:9      | Noticed Kahsius's ghost (novice MiBe)
  9136 | D:9      | HP: 2/132 [Kahsius's ghost (17)]
  9139 | D:9      | Slain by Kahsius's ghost

Illustrated notes

Levels and vault maps discovered:
D:1:      minmay_arrival_diagonal_passages, layout_basic
D:2:      layout_loops_ring, grunt_dithmenos_smoke, corexii_corridor_pit
D:3:      layout_basic, kiku_gazebo_garden_becter, cheibrodos_ashenzari_chains
D:4:      layout_cave_pools, nicolae_overflow_hidden_temple,
          nicolae_overflow_crystal_walls, minmay_starry_boxes, uniq_sigmund
D:5:      layout_cave_pools, minitemple
D:6:      layout_loops_corners, serial_bayou, serial_bayou_shore_a,
          serial_bayou_pond_b, serial_bayou_pond_c, serial_bayou_pond_d,
          uniq_grinder
D:7:      layout_cave_pools, elyvilon_altar_1, minmay_temple_entry_hall,
          gammafunk_ghost_cemetery, kennysheep_doodads
D:8:      layout_rooms
D:9:      layout_cave_pools, dpeg_oklobed_lair, ebering_ghost_reflecting_pool,
          uniq_grum, uniq_erica, uniq_pikel

Skill      XL: |  1  2  3  4  5  6  7  8  9 10 |
---------------+-------------------------------+-----
Long Blades    | 3 4 5 7 8 10 12 | 12.3
Fighting       | 4 5 6 7 8 |  8.0
Armour         | 4 9 10 | 10.0
Invocations    | 5 8 |  8.0
Dodging        | |  1.1

Action                   |  1- 3 |  4- 6 |  7- 9 | 10-12 || total
-------------------------+-------+-------+-------+-------++-------
Melee: Falchion          |    91 |   127 |   291 |       ||   509
       Headbutt          |    12 |    22 |    96 |    43 ||   173
       Long sword        |       |       |   128 |   187 ||   315
Invok: Depart the Abyss  |     1 |       |       |       ||     1
       Banish            |       |       |     2 |     7 ||     9
Evoke: Wand              |       |       |     3 |       ||     3
  Use: Scroll            |       |     1 |     6 |     4 ||    11
       Potion            |       |       |       |     2 ||     2
Armor: Leather armour    |    31 |    52 |    26 |       ||   109
       Plate armour      |       |       |   207 |   116 ||   323
Dodge: Dodged            |    54 |    93 |   139 |    97 ||   383
       Rpst.: Falchion   |    12 |    26 |    29 |       ||    67
       Long sword        |       |       |    14 |    28 ||    42
